 Dungeon Crawl Stone Soup version 0.19.4 (webtiles) character file.

325 Kiturien the Skirmisher (level 6, -5/51 HPs)
             Began as a Formicid Fighter on Jan 31, 2017.
             Slain by a gnoll
             ... wielding a +0 halberd
              (15 damage)
             ... on level 3 of the Dungeon.
             The game lasted 00:05:59 (2441 turns).

Kiturien the Skirmisher (Formicid Fighter)          Turns: 2441, Time: 00:05:59

Health: -5/51      AC:  6    Str: 23    XL:     6   Next: 78%
Magic:  6/6        EV:  8    Int:  7    God:
Gold:   70         SH:  9    Dex: 10    Spells: 0 memorised, 5 levels left

rFire  + . .     SeeInvis +     a - +0 long sword
rCold  . . .     Gourm    .     k - +1 ring mail {rF+}
rNeg   . . .     Faith    .     c - +0 shield
rPois  .         Spirit   .     (helmet unavailable)
rElec  .         Reflect  .     (no cloak)
rCorr  .         Harm     .     (no gloves)
MR     .....                    (no boots)
Stlth  ..........               (no amulet)
                                i - ring of see invisible
                                g - -2 ring of slaying (curse)

@: no status effects
A: permanent stasis, dig shafts and tunnels, four strong arms, antennae 3
a: Dig, Shaft Self


You were on level 3 of the Dungeon.
You were not hungry.

You visited 1 branch of the dungeon, and saw 3 of its levels.

You collected 70 gold pieces.

Inventory:

Hand Weapons
 a - a +0 long sword (weapon)
Armour
 c - a +0 shield (worn)
 e - a +0 ring mail
 k - a +1 ring mail of fire resistance (worn)
Jewellery
 g - a cursed -2 ring of slaying (left hand)
 i - a ring of see invisible (right hand)
 l - an uncursed ring of fire
Scrolls
 f - a scroll of enchant armour {unknown}
Potions
 d - a potion of might
 h - a potion of mutation {unknown}
 j - 2 potions of lignification {unknown}
 m - a potion of heal wounds
 o - a potion of magic {unknown}
Comestibles
 n - a meat ration


   Skills:
 + Level 5.5 Fighting
 - Level 5.0 Long Blades
 - Level 3.5 Armour
 - Level 3.8 Shields


You had 5 spell levels left.
You didn't know any spells.

Dungeon Overview and Level Annotations

Branches:
Dungeon (3/15)

Altars:
Dithmenos


Innate Abilities, Weirdness & Mutations

You are under a permanent stasis effect.
You can dig through walls and to a lower floor.
Your four strong arms can wield two-handed weapons with a shield.
You have a pair of large antennae on your head. (SInv)


Message History

The gnoll hits you with a flail.
You slash the gnoll!
The gnoll is severely wounded.
The gnoll hits you. The gnoll barely misses you.
The gnoll hits you but does no damage. The gnoll closely misses you.
You hit the gnoll.
You kill the gnoll!
The gnoll hits you with a halberd. The gnoll hits you.
You hit the gnoll.
The gnoll is moderately wounded.
You block the gnoll's attack. The gnoll hits you.
The gnoll hits you with a flail.
* * * LOW HITPOINT WARNING * * *
You barely miss the gnoll.
The gnoll is moderately wounded.
The gnoll hits you with a halberd.
* * * LOW HITPOINT WARNING * * *
The gnoll barely misses you. You block the gnoll's attack. x2
The gnoll hits you from afar with a halberd!
You die...

......#...#### #.# #......
..........###### #####.###......
.......†#......####..............
.........#.....<..........#...[..
.........#.....##...###.###......
.........#.##.....### #.# #......
#...........####..#####.# ##.....
#....................##.# ##....
########.###....@.##....# ##.#
###..##..#...#####.. ..
####.......###gg..%##
#.)..#.##..###g)##...)
#.####.###..#..###.##.
#.<>....##.....##..#
####........).......
#..##.........##. #.####..._...##


You could see 3 gnolls.

Vanquished Creatures
  Sigmund (D:3)
  Ijyb (D:2)
  Terence (D:2)
  Robin (D:3)
  3 adders (D:2)
  A gnoll (D:3)
  An ooze (D:2)
  A worm (D:3)
  5 leopard geckos
  3 orcs (D:3)
  2 bats
  3 giant cockroaches
  9 goblins
  11 hobgoblins
  4 jackals (D:1)
  2 frilled lizards
  3 kobolds
  4 rats
56 creatures vanquished.

Notes
Turn   | Place    | Note
-------+----------+-------------------------------------------
     0 | D:1      | Kiturien the Formicid Fighter began the quest for the Orb.
     0 | D:1      | Reached XP level 1. HP: 18/18 MP: 1/1
    33 | D:1      | Reached XP level 2. HP: 18/24 MP: 2/2
   666 | D:2      | Reached XP level 3. HP: 21/29 MP: 3/3
   990 | D:2      | Reached XP level 4. HP: 25/35 MP: 4/4
   991 | D:2      | Noticed Ijyb
  1039 | D:2      | Killed Ijyb
  1051 | D:2      | Noticed Terence
  1067 | D:2      | Killed Terence
  1067 | D:2      | Reached XP level 5. HP: 12/41 MP: 5/5
  1799 | D:3      | Noticed Robin
  1825 | D:3      | Reached skill level 5 in Long Blades
  1852 | D:3      | Killed Robin
  2175 | D:3      | Found a shadowy altar of Dithmenos.
  2176 | D:3      | Noticed Sigmund
  2194 | D:3      | Killed Sigmund
  2194 | D:3      | Reached skill level 5 in Fighting
  2194 | D:3      | Reached XP level 6. HP: 19/51 MP: 6/6
  2441 | D:3      | Slain by a gnoll

Skill      XL: |  1  2  3  4  5 |
---------------+----------------+-----
Long Blades    | 3 4 5 |  5.0
Fighting       | 5 |  5.5
Armour         | |  3.5
Shields        | |  3.8

Action                   |  1- 3 |  4- 6 || total
-------------------------+-------+-------++-------
Melee: Long sword        |    73 |   178 ||   251
  Use: Potion            |     2 |       ||     2
       Scroll            |     1 |     1 ||     2
  Eat: Bread ration      |       |     2 ||     2
Armor: Scale mail        |    10 |       ||    10
       Ring mail         |    29 |    48 ||    77
Dodge: Dodged            |    38 |    66 ||   104
Block: Shield            |    53 |    92 ||   145
       Rpst.: Long sword |    14 |    18 ||    32
